Map: Backwater LE

Players

Kozzy - Winner!

  • Race: Protoss Protoss
  • League: Gold
  • Spawn Location: 11:00

AznNoob

  • Race: Zerg Zerg
  • League: Platinum
  • Spawn Location: 5:00

VOD

Have the link to the VOD?

Description

Time

  • Played on: April 11, 2018, 5:54 a.m.
  • Length: 7:09
Show
View Real Time Build Order
Export as new Build Order

Kozzy Protoss - Winner!

Build Orders:  

Get SALT Encoding   

  12  0:02  Probe  
  13  0:14  Probe  
  14  0:22  Pylon  
  14  0:26  Probe  
  15  0:40  Probe  
  16  0:45  Gateway  
  16  0:52  Probe (Chrono Boost), Assimilator  
  17  1:04  Probe (Chrono Boost)  
  18  1:13  Probe (Chrono Boost)  
  19  1:18  Probe  
  19  1:19  Assimilator  
  20  1:40  Cybernetics Core  
  20  1:41  Zealot  
  20  1:46  Forge  
  22  1:55  Probe  
  23  2:07  Pylon  
  22  2:16  Pylon  
  22  2:18  Warp Gate  
  22  2:24  Shield Battery  
  22  2:25  Stalker  
  24  2:35  Pylon  
  24  2:37  Protoss Ground Weapons Level 1 (Chrono Boost)  
  24  2:46  Photon Cannon  
  24  3:05  Probe  
  25  3:14  Pylon  
  25  3:19  Robotics Facility  
  25  3:25  Zealot  
  27  3:32  Gateway  
  27  3:34  Gateway  
  27  3:47  Pylon  
  27  4:04  Pylon  
  27  4:05  Immortal (Chrono Boost)  
  31  4:32  Zealot  
  31  4:35  Immortal (Chrono Boost)  
  37  4:47  Photon Cannon  
  37  4:58  Zealot x3  
  43  5:21  Zealot  
  43  5:22  Zealot x2  
  49  5:37  Immortal  
  53  5:47  Stalker x2  
  57  5:57  Zealot  
  59  6:17  Immortal, Probe  
Show
View Real Time Build Order
Export as new Build Order

AznNoob Zerg 

Build Orders: Pool First 

Get SALT Encoding   

  12  0:01  Drone  
  13  0:08  Drone  
  14  0:16  Overlord  
  14  0:35  Drone x3  
  17  0:46  Extractor, Drone  
  17  0:55  Spawning Pool  
  17  0:56  Drone  
  17  1:08  Drone  
  18  1:19  Drone  
  19  1:31  Drone  
  20  1:36  Hatchery  
  19  1:40  Overlord  
  19  1:50  Queen  
  21  1:55  Zergling x2  
  22  2:02  Zergling x2  
  23  2:15  Metabolic Boost  
  23  2:16  Zergling x2  
  24  2:24  Zergling x2  
  25  2:33  Drone  
  26  2:38  Extractor  
  26  2:40  Baneling Nest  
  24  2:44  Overlord  
  24  2:48  Queen  
  24  2:51  Drone  
  27  2:55  Zergling x2  
  28  3:02  Zergling x2  
  28  3:03  Zergling x2  
  30  3:07  Drone  
  31  3:14  Zergling x2  
  31  3:16  Zergling x2  
  33  3:20  Zergling x2  
  33  3:23  Drone  
  35  3:32  Drone x2  
  37  3:34  Drone  
  37  3:38  Drone  
  39  3:42  Drone  
  39  3:45  Drone  
  41  3:52  Overlord  
  41  4:00  Overlord  
  41  4:06  Lair  
  41  4:09  Zergling x2  
  42  4:12  Zergling x2  
  42  4:15  Zergling x2  
  45  4:17  Drone  
  45  4:18  Drone  
  46  4:29  Evolution Chamber  
  46  4:30  Spore Crawler  
  44  4:32  Pneumatized Carapace  
  44  4:37  Zergling x4  
  46  4:40  Drone  
  46  4:45  Overlord  
  47  4:51  Zergling x4  
  50  4:52  Zergling x2  
  50  5:00  Spore Crawler  
  50  5:06  Overseer  
  49  5:14  Queen  
  51  5:22  Drone  
  51  5:23  Drone x3, Roach Warren  
  40  5:36  Zergling x10  
  40  5:42  Zergling x4  
  47  5:46  Zergling x4  
  47  5:49  Drone  
  50  6:00  Zergling x10  
  55  6:10  Zergling x2  
  56  6:19  Zergling x6  
  59  6:28  Overlord  
  59  6:29  Overlord  
  52  6:40  Zergling x6  
  52  6:43  Zergling x6  
Tags
 
Add a new tag
Caveats
  • Supply blocks, unpowered buildings, or Contaminate may cause inaccurate times.
  • Supply counts are checked every 10 seconds.